 Dungeon Crawl Stone Soup version 0.20-a0-924-gfa95efa (webtiles) character file.

737 stigmas the Slasher (level 7, -3/54 HPs)
             Began as a Vampire Gladiator on Mar 27, 2017.
             Was an Initiate of Kikubaaqudgha.
             Slain by Pikel
             ... wielding a +2 whip of electrocution
              (7 damage)
             ... on level 6 of the Dungeon on Mar 28, 2017.
             The game lasted 00:10:02 (4190 turns).

stigmas the Slasher (Vampire Gladiator)             Turns: 4190, Time: 00:10:03

Health: -3/54      AC: 13    Str: 14    XL:     7   Next: 46%
Magic:  7/7        EV:  5    Int: 16    God:    Kikubaaqudgha [......]
Gold:   396        SH:  0    Dex: 16    Spells: 6/6 levels left

rFire    . . .     SeeInvis +   a - +0 long sword
rCold    . . .     Gourm    .   (no shield)
rNeg     + . .     Faith    .   o - +0 plate armour
rPois    .         Spirit   .   c - +0 helmet
rElec    .         Reflect  .   b - +0 cloak
rCorr    .         Harm     .   (no gloves)
MR       .....                  (no boots)
Stlth    ..........             (no amulet)
Regen    0.2/turn               k - +5 ring of intelligence
MPRegen  0.1/turn               (no ring)

@: no status effects
A: fangs 3, see invisible, unbreathing
a: Bat Form, Renounce Religion


You were on level 6 of the Dungeon.
You worshipped Kikubaaqudgha.
Kikubaaqudgha was noncommittal.
You were not thirsty.

You visited 2 branches of the dungeon, and saw 7 of its levels.

You collected 396 gold pieces.

Inventory:

Hand Weapons
 a - a +0 long sword (weapon)
Missiles
 d - 3 throwing nets (quivered)
Armour
 b - a +0 cloak (worn)
 c - a +0 helmet (worn)
 o - a +0 plate armour (worn)
Jewellery
 k - a +5 ring of intelligence (left hand)
 n - an uncursed amulet of faith
Wands
 e - a wand of polymorph (11/24)
 t - a wand of confusion (25/48)
Scrolls
 h - 6 scrolls of identify
 l - a scroll of enchant weapon {unknown}
 m - 4 scrolls of amnesia
 r - a scroll of remove curse
 s - 3 scrolls of teleportation {unknown}
 u - a scroll of immolation {unknown}
 v - a scroll of magic mapping
Potions
 f - 3 potions of heal wounds
 g - 3 potions of lignification {unknown}
 i - a potion of magic {unknown}
 j - a potion of might {unknown}
 p - a potion of invisibility
 q - a potion of curing {unknown}


   Skills:
 * Level 4.0 Fighting
 * Level 7.0 Long Blades
 - Level 1.5 Throwing
 + Level 2.1 Armour
 + Level 3.8 Dodging


You had 6 spell levels left.
You didn't know any spells.

Dungeon Overview and Level Annotations

Branches:
Dungeon (6/15)             Temple (1/1) D:5

Altars:
Ashenzari
Cheibriados
Elyvilon
Fedhas
Gozag
Kikubaaqudgha
Makhleb
Nemelex Xobeh
Qazlal
Uskayaw
Vehumet
Wu Jian
Yredelemnul
Zin

Annotations:
D:6 Pikel


Innate Abilities, Weirdness & Mutations

You have razor-sharp teeth.
You have supernaturally acute eyesight. (SInv)
You can survive without breathing.


Message History

You closely miss Pikel.
Pikel is lightly wounded.
You feel sick.
You are no longer poisoned.
Pikel hits you but does no damage.
You hit Pikel.
Pikel is moderately wounded.
Pikel hits you but does no damage.
You are electrocuted!
* * * LOW HITPOINT WARNING * * *
A slave comes into view.
The slave shouts!
You hit Pikel. Your bite misses Pikel.
Pikel is moderately wounded.
Pikel hits you but does no damage.
You are electrocuted!
* * * LOW HITPOINT WARNING * * *
You hit Pikel but do no damage.
Pikel is moderately wounded.
Pikel hits you with a whip of electrocution!
You die...
Kikubaaqudgha rasps: "You have failed me!
Welcome... oblivion!"

......##.#
#........
........## #.....#
..##....##
##.....#
.##.####.##
#...p..#
....#####.##
#..p#..###
#.....#..#.##
#...##.†.###
..#......##.#
#pp#####p..#
.###.....##.# ##K#
##.....#
........##### #@#
#....#
........#### #.#
.K..# ......#....#
##.# .#.#
..##.....######..#
## .#
...#...#..(......#
.
.....#.###########
#...#..# #..### .#


You could see Pikel and 4 slaves.

Vanquished Creatures
  An ogre (D:5)
  A centaur (D:6)
  A scorpion (D:6)
  A hound (D:5)
  An orc priest (D:3)
  4 orc wizards
  3 iguanas
  Ijyb (D:4)
  2 worker ants
  A worker ant zombie (D:5)
  6 adders
  A shadow imp (D:5)
  3 oozes
  2 worms
  4 dart slugs
  5 leopard geckos
  13 orcs
  6 bats
  A giant cockroach (D:3)
  11 goblins
  6 hobgoblins
  7 jackals
  9 kobolds
  4 quokkas
  A ball python (D:3)
  9 frilled lizards
  4 rats
108 creatures vanquished.

Notes
Turn   | Place    | Note
-------+----------+-------------------------------------------
     0 | D:1      | stigmas the Vampire Gladiator began the quest for the Orb.
     0 | D:1      | Reached XP level 1. HP: 16/16 MP: 1/1
   141 | D:1      | Reached XP level 2. HP: 22/22 MP: 2/2
   480 | D:2      | Reached XP level 3. HP: 27/27 MP: 3/3
   592 | D:2      | Reached skill level 4 in Long Blades
   673 | D:2      | Reached XP level 4. HP: 34/34 MP: 4/4
  1228 | D:3      | Reached XP level 5. HP: 20/40 MP: 5/5
  1328 | D:3      | Reached skill level 5 in Long Blades
  1406 | D:3      | Reached skill level 1 in Armour
  1577 | D:3      | Found a glowing silver altar of Zin.
  1578 | D:3      | Found an ornate altar of the Wu Jian Council.
  1578 | D:3      | Found a radiant altar of Vehumet.
  1588 | D:3      | Found an opulent altar of Gozag.
  1663 | D:3      | Found a burning altar of Makhleb.
  1663 | D:3      | Found a blossoming altar of Fedhas.
  1664 | D:3      | Found a shattered altar of Ashenzari.
  2020 | D:4      | Found a hide-covered altar of Uskayaw.
  2132 | D:4      | Reached XP level 6. HP: 32/47 MP: 6/6
  2536 | D:4      | Noticed Ijyb
  2544 | D:4      | Killed Ijyb
  2879 | D:5      | Entered Level 5 of the Dungeon
  3103 | D:5      | Reached skill level 6 in Long Blades
  3242 | D:5      | Reached XP level 7. HP: 28/52 MP: 7/7
  3414 | D:5      | Found a sparkling altar of Nemelex Xobeh.
  3603 | D:5      | Found an ancient bone altar of Kikubaaqudgha.
  3610 | D:5      | Became a worshipper of Kikubaaqudgha
  3754 | D:5      | Found a staircase to the Ecumenical Temple.
  3762 | Temple   | Entered the Ecumenical Temple
  4164 | D:6      | Reached skill level 7 in Long Blades
  4166 | D:6      | Noticed Pikel
  4190 | D:6      | Slain by Pikel

Vault maps used:
D:1:      matt_arrival_debris
D:3:      nicolae_overflow_quartered_altars, nicolae_overflow_hidden_temple
D:4:      cheibrodos_greedy_goblins, lemuel_crystal_altar, first_bread,
          minmay_parallelograms, uniq_iyjb
D:5:      kiku_gazebo_pond_becter, minmay_temple_entry_glassed_door,
          minmay_misc_feat_doors, nemelex_dance_club_becter
D:6:      uniq_pikel
Temple:   jpeg_temple_island

Skill      XL: |  1  2  3  4  5  6  7 |
---------------+----------------------+-----
Fighting       | 2 3 4 |  4.0
Long Blades    | 4 5 6 7 |  7.0
Armour         | 1 2 |  2.1
Throwing       | |  1.5
Dodging        | |  3.8

Action                   |  1- 3 |  4- 6 |  7- 9 || total
-------------------------+-------+-------+-------++-------
Melee: Long sword        |    68 |   215 |    65 ||   348
       Bite              |    11 |    28 |     6 ||    45
       Unarmed           |       |     3 |       ||     3
  Use: Scroll            |     4 |     3 |       ||     7
 Stab: Sleeping          |     1 |     1 |       ||     2
  Eat: Corpse            |     2 |    14 |       ||    16
Armor: Leather armour    |    17 |    23 |       ||    40
       Ring mail         |     1 |       |       ||     1
       Plate armour      |       |   109 |    42 ||   151
Dodge: Dodged            |    58 |   104 |    21 ||   183
       Rpst.: Long sword |    19 |    36 |     7 ||    62
